 Dungeon Crawl Stone Soup version 0.31.0-4-g52a2dc7128 (webtiles) character file.

Game seed: 9113742964163996594

345 groovy9 the Magician (level 6, 0/46 HPs)
             Began as a Djinni Conjurer on Jan 23, 2024.
             Slain by a gnoll
             ... wielding a +0 whip
              (3 damage)
             ... on level 4 of the Dungeon.
             The game lasted 00:08:44 (2886 turns).

groovy9 the Magician (Djinni Conjurer)              Turns: 2886, Time: 00:08:45

Health: 0/46       AC:  3    Str:  6    XL:     6   Next: 90%
Gold:   113        EV: 12    Int: 22    God:
                   SH:  0    Dex: 11

rFire   + + .        q - +0 short sword
rCold   x . .        (no shield)
rNeg    . . .        a - +0 robe
rPois   ∞            (no helmet)
rElec   .            j - scarf {repulsion}
rCorr   .            o - +0 pair of gloves
SInv    .            (boots unavailable)
Will    .....        (no amulet)
Stlth   ++           (no ring)
HPRegen 0.27/turn    (no ring)
MPRegen 0.00/turn

%: repel missiles, infuse magic (-1 HP)
@: mighty, flying, very slightly contaminated
A: sickness immunity, fire resistance 2, cold vulnerability 1, float, innate
caster, HP casting, extra vitality 1
a: no special abilities


You were on level 4 of the Dungeon.
You visited 1 branch of the dungeon, and saw 4 of its levels.

You collected 113 gold pieces.

Inventory:

Hand Weapons
 q - a +0 short sword (weapon)
Armour
 a - a +0 robe (worn)
 d - a +0 cloak
 j - a scarf of repulsion (worn)
 o - a +0 pair of gloves (worn)
Scrolls
 b - 2 scrolls of enchant weapon
 f - 2 scrolls of teleportation {unknown}
 g - a scroll of brand weapon {unknown}
 i - a scroll of acquirement {unknown}
 m - 2 scrolls of vulnerability {unknown}
 n - a scroll of fear {unknown}
 p - 6 scrolls of identify {unknown}
 r - a scroll of torment {unknown}
Potions
 c - a potion of berserk rage {unknown}
 e - 2 potions of might
 h - a potion of resistance {unknown}
 k - a potion of curing {unknown}
 l - a potion of lignification {unknown}


   Skills:
 + Level 3.3 Fighting
 - Level 2.1 Dodging
 - Level 1.5 Stealth
 * Level 5.5 Spellcasting
 * Level 5.5 Conjurations
 * Level 5.5 Hexes
   Level 0.0 Charms
 * Level 5.5 Summonings
 * Level 5.5 Necromancy
 * Level 5.5 Translocations
   Level 0.0 Transmutations
 * Level 5.5 Fire Magic
 * Level 5.5 Ice Magic
 * Level 5.5 Air Magic
 * Level 5.5 Earth Magic
 * Level 5.5 Alchemy


You knew the following spells:

 Your Spells              Type           Power      Damage    Failure   Level
a - Magic Dart            Conj           100%       1d8       1%          1
b - Searing Ray           Conj           60%        2d6       1%          2
c - Fulminant Prism       Conj/Alch      15%        3d10      10%         4
d - Iskenderun's Mystic   Conj/Tloc      30%        2d8       10%         4
e - Sandblast             Erth           60%        2d14      1%          1
f - Mercury Vapours       Alch/Air       60%        N/A       1%          2
Your spell library was empty.

Dungeon Overview and Level Annotations

Branches:
Dungeon (4/15)
 Temple: D:4-7

Altars:
Nemelex Xobeh
Qazlal
Xom
Zin

Annotations:
D:1 2 transporters


Innate Abilities, Weirdness & Mutations

You are immune to sickness and miasma.
You are immune to poison.
Your flesh is very heat resistant. (rF++)
You are vulnerable to cold. (rC-)
You float through the air rather than walking.
You learn spells naturally, not from books.
Your magical power is your life essence.
You have superior vitality. (+4 MHP)


Message History

Aiming: Searing Ray (safe; 1% risk of failure)
Press: ? - help, Shift-Dir - straight line The searing ray hits the hound!
The hound is heavily wounded.
The searing ray hits the gnoll.
The gnoll is lightly wounded.
The searing ray hits the gnoll!
The gnoll is severely wounded. (Press . to maintain the ray.)
The hound bites you. The hound bites you but does no damage.
The searing ray hits the hound.
The hound is severely wounded.
The searing ray hits the gnoll.
The gnoll is heavily wounded.
The hound closely misses you.
The searing ray misses the hound.
The searing ray hits the gnoll!
You kill the gnoll!
The hound bites you. The gnoll hits you with a +0 whip. The hound bites you.
The searing ray hits the hound.
You kill the hound!
You finish channelling your searing ray.
The gnoll hits you with a +0 whip!
* * * LOW HITPOINT WARNING * * *
Okay, then.
Casting: Searing Ray (safe; 1% risk of failure)
Confirm with . or Enter, or press ? or * to list all spells.
You erupt in a blast of force!
The mystic blast hits the gnoll.
The gnoll is heavily wounded.
The gnoll is knocked back by the mystic blast.
* * * LOW HITPOINT WARNING * * *
Casting: Iskenderun's Mystic Blast (quite dangerous; 10% risk of failure)
Confirm with . or Enter, or press ? or * to list all spells.
You miscast Iskenderun's Mystic Blast.
You are very lightly contaminated with residual magic.
Nothing appears to happen.
* * * LOW HITPOINT WARNING * * *
It was a potion of might.
You feel very mighty all of a sudden. The gnoll hits you with a +0 whip.
You die...

.................(....
......................###
).....................#..
........†.............#..
....................).#..
......................#..
......................'..
.......g..............#..
...)..).@.............#..
......###################
..... #... #... #... #..
#... #. #... # #... ####


You could see a gnoll.

Vanquished Creatures
  A phantom (D:4)
  A hound (D:4)
  An orc priest (D:3)
  2 orc wizards (D:4)
  6 adders
  3 gnolls (D:4)
  A ribbon worm (D:3)
  5 orcs
  6 bats
  6 endoplasms
  3 giant cockroaches
  7 goblins
  5 hobgoblins
  3 quokkas
  9 ball pythons
  5 frilled lizards
  8 kobolds
  8 rats
80 creatures vanquished.

Notes
Turn   | Place    | Note
-------+----------+-------------------------------------------
     0 | D:1      | groovy9 the Djinni Conjurer began the quest for the Orb.
     0 | D:1      | groovy9 set off with the following spells memorised: Magic
                  | Dart, Searing Ray, Fulminant Prism, Iskenderun's Mystic
                  | Blast.
     0 | D:1      | Reached XP level 1. HP: 15/15 MP: 0/0
   191 | D:1      | Reached XP level 2. HP: 12/22 MP: 0/0
   351 | D:1      | Found a faded altar of an unknown god.
   808 | D:1      | Reached skill level 1 in Fighting
  1136 | D:2      | Reached XP level 3. HP: 25/27 MP: 0/0
  1136 | D:2      | Learned a level 1 spell: Sandblast
  1145 | D:2      | Found a shimmering altar of Xom.
  1571 | D:2      | Reached XP level 4. HP: 28/32 MP: 0/0
  1832 | D:3      | Found a glowing silver altar of Zin.
  2141 | D:3      | Reached XP level 5. HP: 20/39 MP: 0/0
  2141 | D:3      | Learned a level 2 spell: Mercury Vapours
  2412 | D:4      | Noticed a phantom
  2426 | D:4      | Killed a phantom
  2427 | D:4      | Reached skill level 5 in Spellcasting
  2427 | D:4      | Reached skill level 5 in Conjurations
  2427 | D:4      | Reached skill level 5 in Hexes
  2427 | D:4      | Reached skill level 5 in Summonings
  2427 | D:4      | Reached skill level 5 in Necromancy
  2427 | D:4      | Reached skill level 5 in Translocations
  2427 | D:4      | Reached skill level 5 in Fire Magic
  2427 | D:4      | Reached skill level 5 in Ice Magic
  2427 | D:4      | Reached skill level 5 in Air Magic
  2427 | D:4      | Reached skill level 5 in Earth Magic
  2427 | D:4      | Reached skill level 5 in Alchemy
  2427 | D:4      | Reached XP level 6. HP: 44/45 MP: 0/0
  2688 | D:4      | Found a sparkling altar of Nemelex Xobeh.
  2800 | D:4      | Found a stormy altar of Qazlal.
  2886 | D:4      | Slain by a gnoll

Illustrated notes

Levels and vault maps discovered:
D:1:      spicycebolla_arrival_transporter_tutorial, layout_basic,
          basic_ecumenical_altar, minmay_hexomino_c4
D:2:      layout_loops_ring, basic_altar, hex_large
D:3:      layout_rooms, lemuel_coloured_pillars_altar
D:4:      layout_gridville, grunt_qazlal_clouds,
          mainiacjoe_overflow_catwalk_spiral

Skill      XL: |  1  2  3  4  5  6 |
---------------+-------------------+-----
Fighting       | 1 2 3 |  3.3
Spellcasting   | 4 5 |  5.5
Conjurations   | 4 5 |  5.5
Hexes          | 4 5 |  5.5
Summonings     | 4 5 |  5.5
Necromancy     | 4 5 |  5.5
Translocations | 4 5 |  5.5
Fire Magic     | 4 5 |  5.5
Ice Magic      | 4 5 |  5.5
Air Magic      | 4 5 |  5.5
Earth Magic    | 4 5 |  5.5
Alchemy        | 4 5 |  5.5
Dodging        | |  2.1
Stealth        | |  1.5

Action                     |  1- 3 |  4- 6 || total
---------------------------+-------+-------++-------
  Melee: Unarmed           |     5 |       ||     5
   Cast: Magic Dart        |    48 |    22 ||    70
         Searing Ray       |     7 |     3 ||    10
         Sandblast         |       |    56 ||    56
         Iskenderun's Myst |       |     1 ||     1
    Use: Scroll            |       |     1 ||     1
         Potion            |       |     1 ||     1
 Armour: Robe              |     4 |    26 ||    30
  Dodge: Dodged            |     7 |    11 ||    18
